 Dungeon Crawl Stone Soup version 0.31.0-32-g396128a36d (webtiles) character file.

Game seed: 16483438609820786373

106 cfcfcfcfcf the Sneak (level 5, -12/42 HPs)
             Began as a Kobold Enchanter on Apr 14, 2024.
             Was a Priest of Elyvilon.
             Mangled by Menkaure (23 damage)
             ... on level 4 of the Dungeon.
             The game lasted 00:03:50 (2888 turns).

cfcfcfcfcf the Sneak (Kobold Enchanter)             Turns: 2888, Time: 00:03:51

Health: -12/42     AC:  2    Str:  6    XL:     5   Next: 10%
Magic:  6/9        EV: 15    Int: 18    God:    Elyvilon [***...]
Gold:   114        SH:  0    Dex: 15    Spells: 2/10 levels left

rFire   . . .        a - +1 dagger
rCold   . . .        (no shield)
rNeg    . . .        b - +0 robe
rPois   .            (no helmet)
rElec   .            (no cloak)
rCorr   .            (no gloves)
SInv    .            (no boots)
Will    .....        (no amulet) Stlth
                     (no ring)
HPRegen 0.27/turn    (no ring)
MPRegen 0.11/turn

%: no passive effects
@: berserking, very slightly contaminated, very quick
A: small, no large weapons, nightstalker 3
a: Renounce Religion, Purification, Heal Other, Heal Self


You were on level 4 of the Dungeon.
You worshipped Elyvilon.
Elyvilon was most pleased with you.
You visited 1 branch of the dungeon, and saw 4 of its levels.

You collected 166 gold pieces.
You spent 52 gold pieces at shops.

Inventory:

Hand Weapons
 a - a +1 dagger (weapon)
Armour
 b - a +0 robe (worn)
Jewellery
 j - the ring of Bufunt Buoc {Dex+6 Slay+5}
   (You found it on level 2 of the Dungeon)

   [ring of dexterity]

   Dex+6:     It affects your dexterity (+6).
   Slay+5:    It affects your accuracy & damage with ranged weapons and melee
   (+5).
 m - a +6 ring of dexterity
 o - a ring of flight
Scrolls
 n - a scroll of fog {unknown}
 p - a scroll of amnesia
 q - a scroll of blinking {unknown}
 r - a scroll of teleportation
 t - a scroll of noise {unknown}
Potions
 c - 2 potions of invisibility
 d - 2 potions of attraction
 e - 3 potions of resistance
 f - 2 potions of berserk rage
 g - 3 potions of curing {unknown}
 h - a potion of ambrosia {unknown}
 i - a potion of brilliance {unknown}
 k - a potion of enlightenment {unknown}
 l - a potion of haste {unknown}
 s - a potion of mutation {unknown}


   Skills:
 + Level 0.1 Fighting
 + Level 2.1 Short Blades
 + Level 3.0 Dodging
 + Level 4.0 Stealth
 + Level 3.0 Spellcasting
 + Level 3.0 Hexes
 + Level 3.0 Ice Magic
 * Level 0.0 Invocations


You had 2 spell levels left.
You knew the following spells:

 Your Spells              Type           Power      Damage    Failure   Level
a - Ensorcelled Hibernat  Hex/Ice        26%        N/A       7%          2
b - Confusing Touch       Hex            13%        N/A       14%         3
c - Tukima's Dance        Hex            13%        N/A       14%         3

Your spell library contained the following spells:

 Spells                   Type           Power      Damage    Failure   Level
 Sandblast                Erth           4%         2d4       16%         1
 Dazzling Flash           Conj/Hex       16%        N/A       26%         3
 Passwall                 Erth           2%         N/A       43%         3
 Stone Arrow              Conj/Erth      4%         3d7       43%         3
 Swiftness                Air            2%         N/A       43%         3
 Brom's Barrelling Bould  Conj/Erth      2%         2d3       85%         4


Dungeon Overview and Level Annotations

Branches:
Dungeon (4/15)
 Temple: D:4-7

Altars:
Elyvilon
Ru

Shops:
D:4 ?

Annotations:
D:2 dig
D:4 Menkaure


Innate Abilities, Weirdness & Mutations

You are small and have problems with some larger weapons.
You are completely attuned to the shadows.


Message History

You see here a +0 whip.
There is an entrance to Jeofur's Magic Scroll Shop here.
p - a scroll of amnesia Thank you for shopping at Jeofur's Magic Scroll Shop!
You can access your shopping list by pressing '$'.
Okay, then.
This spell is quite dangerous to cast!
You start memorising the spell.
You continue memorising. x3
You finish memorising.
Spell assigned to 'b'.
This spell is quite dangerous to cast!
You start memorising the spell.
You continue memorising. x3
You finish memorising.
Spell assigned to 'c'.
Found 5 boomerangs.
Found a stone staircase leading up.
Menkaure, Prince of Dust comes into view.
Menkaure is nearby!
Menkaure shouts!
You hear an angry hiss.
Menkaure casts a spell.
Menkaure seems to speed up.
Menkaure blazes with dark energy!
Casting: Ensorcelled Hibernation (safe; 7% risk of failure)
Confirm with . or Enter, or press ? or * to list all spells.
Okay, then.
Casting: Confusing Touch (quite dangerous; 14% risk of failure)
Confirm with . or Enter, or press ? or * to list all spells.
Casting: Confusing Touch (quite dangerous; 14% risk of failure)
Press: ? - help, Dir - look around, f - activate You miscast Confusing Touch.
You are very lightly contaminated with residual magic.
Nothing appears to happen.
Menkaure hits you!!
Ouch! That really hurt!
Menkaure misses you.
A red film seems to cover your vision as you go berserk!
You feel yourself moving faster!
You feel mighty!
Menkaure shouts, "The sands of time shall wipe you from history!"
Menkaure barely misses you.
Unknown command.
You barely miss Menkaure. Menkaure hits you!!
Ouch! That really hurt!
You die...

#.....#.####.#
#####)..# #.#####
####....####......
#............#####
#............#
#............#
#....#.....###
######....(##
#..@.....
...M..<.##
##........
#........ #.......


You could see Menkaure (fast).

Vanquished Creatures
  A hound (D:4)
  A gnoll (D:1)
  An adder (D:3)
  A dart slug (D:1)
  4 orcs
  8 ball pythons
  4 endoplasms
  4 giant cockroaches
  4 goblins
  6 hobgoblins
  2 quokkas (D:2)
  6 bats
  2 frilled lizards
  3 kobolds
  3 rats
50 creatures vanquished.

Notes
Turn   | Place    | Note
-------+----------+-------------------------------------------
     0 | D:1      | cfcfcfcfcf the Kobold Enchanter began the quest for the
                  | Orb.
     0 | D:1      | Reached XP level 1. HP: 10/10 MP: 3/3
   100 | D:1      | Reached XP level 2. HP: 15/15 MP: 5/5
   103 | D:1      | Learned a level 2 spell: Ensorcelled Hibernation
   267 | D:1      | Reached skill level 2 in Short Blades
   607 | D:1      | Found a faded altar of an unknown god.
   617 | D:1      | Reached skill level 3 in Dodging
   628 | D:1      | Prayed at the altar of an unknown god.
   628 | D:1      | Became a worshipper of Elyvilon the Healer
   628 | D:1      | Reached * piety under Elyvilon
   683 | D:1      | Reached XP level 3. HP: 19/19 MP: 6/6
   775 | D:1      | Reached skill level 1 in Ice Magic
  1249 | D:2      | Identified the ring of Bufunt Buoc {Dex+6 Slay+5}
  1383 | D:2      | Reached skill level 3 in Spellcasting
  1422 | D:2      | Reached ** piety under Elyvilon
  1555 | D:2      | Reached XP level 4. HP: 24/24 MP: 8/8
  1802 | D:2      | Reached skill level 2 in Ice Magic
  2482 | D:3      | Reached *** piety under Elyvilon
  2767 | D:4      | Reached skill level 3 in Ice Magic
  2767 | D:4      | Reached XP level 5. HP: 28/28 MP: 9/9
  2797 | D:4      | Found a sacrificial altar of Ru.
  2859 | D:4      | Found Jeofur's Magic Scroll Shop.
  2865 | D:4      | Bought a scroll of amnesia for 52 gold pieces
  2869 | D:4      | Learned a level 3 spell: Confusing Touch
  2873 | D:4      | Learned a level 3 spell: Tukima's Dance
  2883 | D:4      | Noticed Menkaure
  2888 | D:4      | Mangled by Menkaure

Illustrated notes

Levels and vault maps discovered:
D:1:      lemuel_arrival_room, layout_loops_corners,
          dreamdust_ecumenical_altar_grove
D:2:      layout_loops_corners, minmay_crystal_room, amcnicky_mini_pool_small,
          minmay_statues_item, minmay_tromino_i4
D:3:      layout_rooms
D:4:      layout_rooms, elyvilon_altar_3, nicolae_ru_awakened_eye,
          minmay_temple_entry_tees, serial_shops, shop, uniq_menkaure

Skill      XL: |  1  2  3  4 |
---------------+-------------+-----
Short Blades   | 2 |  2.1
Dodging        | 3 |  3.0
Ice Magic      | 1 3 |  3.0
Spellcasting   | 3 |  3.0
Fighting       | |  0.1
Stealth        | |  4.0
Hexes          | |  3.0

Action                     |  1- 3 |  4- 6 || total
---------------------------+-------+-------++-------
  Melee: Dagger            |    68 |    45 ||   113
         Punch             |     1 |       ||     1
   Cast: Ensorcelled Hiber |     6 |     2 ||     8
 Invoke: Heal Self         |       |     2 ||     2
    Use: Scroll            |       |     6 ||     6
         Potion            |       |     1 ||     1
   Stab: Sleeping          |    23 |    11 ||    34
 Armour: Robe              |    13 |    30 ||    43
  Dodge: Dodged            |    50 |    34 ||    84
